 Dungeon Crawl Stone Soup version 0.22-a0-271-gc000056 (webtiles) character file.

21597 RoseArtemis the Severer (level 12, -12/111 HPs)
             Began as a Minotaur Berserker on Mar 12, 2018.
             Was a High Priest of Trog.
             Splashed by an oklob plant's acid (17 damage)
             ... on level 2 of the Lair of Beasts.
             The game lasted 00:43:40 (14850 turns).

RoseArtemis the Severer (Minotaur Berserker)       Turns: 14850, Time: 00:43:41

Health: -12/111    AC:  1    Str: 22    XL:     12   Next: 55%
Magic:  3/3        EV: 13    Int:  6    God:    Trog [*****.]
Gold:   592        SH:  0    Dex: 13    Spells: 11/11 levels left

rFire    . . .     SeeInvis +   b - +3 battleaxe (antimagic)
rCold    + . .     Gourm    .   (shield currently unavailable)
rNeg     . . .     Faith    .   s - +0 chain mail
rPois    .         Spirit   .   e - +1 hat
rElec    +         Reflect  .   (no cloak)
rCorr    .         Harm     .   (no gloves)
MR       ++...                  (no boots)
Stlth    ..........             (no amulet)
HPRegen  0.28/turn              p - ring of protection from magic
MPRegen  0.08/turn              C - ring of Psychosis {rElec rC+ MR+ SInv}

@: corroded
A: retaliatory headbutt, horns 2
a: Berserk, Trog's Hand, Brothers in Arms, Renounce Religion


You were on level 2 of the Lair of Beasts.
You worshipped Trog.
Trog was extremely pleased with you.
You were hungry.

You visited 3 branches of the dungeon, and saw 13 of its levels.
You also visited: Bailey.

You collected 592 gold pieces.

Inventory:

Hand Weapons
 a - a +1 hand axe of electrocution
 b - a +3 antimagic battleaxe (weapon)
 c - the +3 dagger of Watchfulness {flame, rN+ Int+3, unknown}
   (You found it on level 1 of the Lair of Beasts)

   It has been specially enchanted to burn those struck by it, causing extra
   injury to most foes and up to half again as much damage against particularly
   susceptible opponents.
   It affects your intelligence (+3).
   It protects you from negative energy.
Armour
 e - a +1 hat (worn)
 s - a +0 chain mail (worn)
 L - a +0 shield
 M - +0 steam dragon scales
Jewellery
 p - a ring of protection from magic (left hand)
 B - an uncursed ring of flight
 C - the ring of Psychosis (right hand) {rElec rC+ MR+ SInv}
   (You found it on level 7 of the Dungeon)

   [ring of protection from magic]

   It protects you from cold.
   It insulates you from electricity.
   It affects your resistance to hostile enchantments.
   It lets you see invisible.
 E - an uncursed ring of ice
 J - a +4 ring of protection
Wands
 u - a wand of clouds (2)
 F - a wand of flame (22)
 H - a wand of digging (32)
Scrolls
 i - a scroll of vulnerability {unknown}
 m - a scroll of identify
 r - 3 scrolls of teleportation
 t - a scroll of random uselessness {unknown}
 v - 2 scrolls of enchant armour
 w - 3 scrolls of remove curse
 y - a scroll of blinking {unknown}
 z - a scroll of torment {unknown}
 G - a scroll of fear {unknown}
 K - a scroll of fog {unknown}
Potions
 d - a potion of invisibility
 g - 2 potions of flight
 h - 2 potions of mutation
 j - a potion of lignification {unknown}
 k - 2 potions of brilliance
 l - 2 potions of resistance
 n - a potion of agility {unknown}
 o - 2 potions of might {unknown}
 A - 5 potions of curing
 D - 2 potions of berserk rage {unknown}
 I - 2 potions of cancellation {unknown}
 N - a potion of degeneration {unknown}
Comestibles
 f - 18 rations


   Skills:
 + Level 11.7 Fighting
 * Level 15.5 Axes
 + Level 11.5 Armour
 + Level 10.6 Dodging


You had 11 spell levels left.
You didn't know any spells.

Dungeon Overview and Level Annotations

Branches:
Dungeon (10/15)            Temple (1/1) D:4            Lair (2/6) D:9
  Swamp: Lair:2-4    Shoals: Lair:2-4     Snake: Lair:2-4    Spider: Lair:2-4
    Orc: D:9-12

Altars:
Ashenzari
Cheibriados
Dithmenos
Elyvilon
Fedhas
Gozag
Hepliaklqana
Kikubaaqudgha
Makhleb
Nemelex Xobeh
Okawaru
Qazlal
Ru
Sif Muna
Trog
Uskayaw
Vehumet
Wu Jian
Xom
Yredelemnul
Zin
The Shining One

Shops:
D:5 (   D:7 ?   D:8 (   D:10 (

Annotations:
D:3 1 runed door
Lair:2 exclusions: hippogriff, 2 oklob plants and 4 more exclusions


Innate Abilities, Weirdness & Mutations

You reflexively headbutt those who attack you in melee.
You have a pair of horns on your head.


Message History

You hit the oklob plant.
You headbutt the oklob plant, but do no damage.
The oklob plant is severely damaged.
You hit the oklob plant but do no damage.
The oklob plant is severely damaged.
You slash the oklob plant!
You headbutt the oklob plant, but do no damage.
The oklob plant is severely damaged.
The oklob plant spits acid at you. The splash of acid hits you!
* * * LOW HITPOINT WARNING * * *
You are splashed with acid!
The acid burns!
* * * LOW HITPOINT WARNING * * *
You hit the oklob plant.
The oklob plant is almost destroyed.
The oklob plant spits acid at you. The splash of acid hits you!
* * * LOW HITPOINT WARNING * * *
You are splashed with acid!
The acid burns!
You die...

..#...#..#....#.#..#..........#..
.####.....####.....#.....
....##...........#.......
......###.....#.#.........
....##..#.#...#...........
##..####....................
##....P.#...............#...
##..#...........#...........
##...#..........@...........
##...#......#..P#...........
##..............#...........
.#..............#...........
........................#...
##..............#...........
#P...P........##............
##..........#.##............
..........P...P.##..#..##...


You could see an oklob plant.

Vanquished Creatures
  A hydra (Lair:2)
  Fannar (Lair:1)
  6 two-headed ogres
  An unseen horror (D:10)
  2 elephants (Lair:2)
  6 spiny frogs
  2 komodo dragons
  A kobold demonologist (D:9)
  2 trolls
  A polar bear (Lair:2)
  A queen bee (Lair:2)
  6 hippogriffs
  A blink frog (Lair:2)
  13 yaks
  A basilisk (Lair:2)
  3 wyverns
  2 hungry ghosts (D:8)
  3 steam dragons
  3 water moccasins
  5 porcupines
  An orc warrior (D:6)
  A black bear (Lair:2)
  A hornet zombie (D:6)
  A necrophage (D:5)
  7 ogres
  3 phantoms
  A wolf (Lair:2)
  5 crocodiles
  Blork the orc (D:6)
  16 big kobolds (D:9)
  10 bullfrogs
  A wyvern zombie (D:7)
  31 killer bees
  An electric eel (Lair:1)
  7 howler monkeys
  6 crimson imps
  6 orc priests
  4 hounds
  A bullfrog skeleton (D:5)
  2 centaur skeletons
  Jessica (D:3)
  An iguana (D:4)
  Ijyb (D:3)
  Terence (D:3)
  10 orc wizards
  10 worker ants
  A hound zombie (D:9)
  A hound skeleton (D:10)
  A worker ant zombie (D:10)
  7 gnolls
  9 adders
  A shadow imp (D:5)
  An ooze (D:6)
  An adder skeleton (D:9)
  A worm (D:2)
  11 dart slugs
  8 leopard geckos
  36 orcs
  10 bats
  8 giant cockroaches
  12 goblins
  4 hobgoblins (D:2)
  12 jackals
  5 quokkas
  A ball python (D:1)
  7 frilled lizards
  A jackal zombie (D:5)
  18 kobolds
  A leopard gecko skeleton (D:5)
  8 rats
  2 plants
358 creatures vanquished.

Vanquished Creatures (others)
  A water moccasin (Lair:2)
  A killer bee (Lair:2)
  2 fungi
  6 plants (Lair:2)
10 creatures vanquished.

Grand Total: 368 creatures vanquished

Notes
Turn   | Place    | Note
-------+----------+-------------------------------------------
     0 | D:1      | RoseArtemis the Minotaur Berserker began the quest for the Orb.
     0 | D:1      | Reached XP level 1. HP: 19/19 MP: 0/0
   308 | D:1      | Reached XP level 2. HP: 27/27 MP: 1/1
   326 | D:1      | Reached skill level 4 in Axes
   961 | D:1      | Reached XP level 3. HP: 33/33 MP: 2/2
  1078 | D:1      | Reached ** piety under Trog
  1619 | D:2      | Reached XP level 4. HP: 40/40 MP: 3/3
  1991 | D:2      | Noticed an ogre
  1999 | D:2      | Killed an ogre
  1999 | D:2      | Reached skill level 5 in Axes
  1999 | D:2      | Reached XP level 5. HP: 11/47 MP: 4/4
  2389 | D:3      | Noticed Terence
  2389 | D:3      | Noticed Jessica
  2401 | D:3      | Killed Terence
  2407 | D:3      | Killed Jessica
  2545 | D:3      | Noticed Ijyb
  2556 | D:3      | Killed Ijyb
  2620 | D:3      | Found a runed door.
  2749 | D:3      | Reached XP level 6. HP: 55/55 MP: 5/5
  2805 | D:3      | Reached *** piety under Trog
  2927 | D:3      | Found a blossoming altar of Fedhas.
  2928 | D:3      | Found a sparkling altar of Nemelex Xobeh.
  3374 | D:4      | Reached skill level 5 in Fighting
  3374 | D:4      | Reached skill level 6 in Axes
  4031 | D:4      | Found a shadowy altar of Dithmenos.
  4031 | D:4      | Found a glowing silver altar of Zin.
  4032 | D:4      | Found an opulent altar of Gozag.
  4032 | D:4      | Found an ornate altar of the Wu Jian Council.
  4044 | D:4      | Found a staircase to the Ecumenical Temple.
  4049 | D:4      | Found a hide-covered altar of Uskayaw.
  4049 | D:4      | Found a glowing silver altar of Zin.
  4049 | D:4      | Found a hazy altar of Hepliaklqana.
  4049 | D:4      | Found a glowing golden altar of the Shining One.
  4050 | D:4      | Found a deep blue altar of Sif Muna.
  4051 | D:4      | Found a sacrificial altar of Ru.
  4051 | D:4      | Found a white marble altar of Elyvilon.
  4051 | D:4      | Found a stormy altar of Qazlal.
  4065 | Temple   | Entered the Ecumenical Temple
  4524 | D:5      | Entered Level 5 of the Dungeon
  4536 | D:5      | Reached XP level 7. HP: 61/61 MP: 6/6
  4616 | D:5      | Reached skill level 7 in Axes
  4629 | D:5      | Reached skill level 5 in Armour
  4689 | D:5      | Reached **** piety under Trog
  4921 | D:5      | Found Zuiptaboe's Antique Weapon Shoppe.
  5032 | D:5      | Found a shimmering altar of Xom.
  5033 | D:5      | Found a burning altar of Makhleb.
  5039 | D:5      | Reached skill level 5 in Dodging
  5198 | D:6      | Noticed Blork the orc
  5211 | D:6      | Killed Blork the orc
  5211 | D:6      | Reached XP level 8. HP: 55/70 MP: 7/7
  5307 | D:6      | Reached skill level 8 in Axes
  5695 | D:6      | Found a shadowy altar of Dithmenos.
  6190 | D:7      | Found a bloodstained altar of Trog.
  6200 | D:7      | Reached skill level 9 in Axes
  6301 | D:7      | Got a warped copper ring
  6443 | D:7      | Noticed a hippogriff
  6471 | D:7      | Killed a hippogriff
  6551 | D:7      | Reached XP level 9. HP: 79/79 MP: 8/8
  6563 | D:7      | Found Kenymn's Magic Scroll Emporium.
  6701 | D:7      | Found a flagged portal.
  6708 | Bailey   | Entered a bailey
  6879 | D:8      | Noticed a two-headed ogre
  6890 | D:8      | Killed a two-headed ogre
  6890 | D:8      | Reached skill level 10 in Axes
  6958 | D:8      | Noticed a two-headed ogre
  6970 | D:8      | Killed a two-headed ogre
  6970 | D:8      | Reached skill level 11 in Axes
  7300 | D:8      | Reached XP level 10. HP: 89/90 MP: 9/9
  7333 | D:8      | Found Neuxoegh's Weapon Shop.
  7554 | D:8      | Noticed a two-headed ogre
  7562 | D:8      | Killed a two-headed ogre
  8246 | D:9      | Identified the ring of Psychosis {rElec rC+ MR+ SInv} (You found it on level 7 of the Dungeon)
  8617 | D:9      | Reached skill level 12 in Axes
  8631 | D:9      | Reached ***** piety under Trog
  9583 | D:9      | Found a staircase to the Lair.
  9597 | D:9      | Reached XP level 11. HP: 81/99 MP: 10/10
  9923 | D:10     | Entered Level 10 of the Dungeon
  9934 | D:10     | Noticed a two-headed ogre
  9948 | D:10     | Killed a two-headed ogre
  9948 | D:10     | Reached skill level 10 in Fighting
  9948 | D:10     | Reached skill level 13 in Axes
 10121 | D:10     | Found Hiuwkead's Weapon Emporium.
 10131 | D:10     | Received a gift from Trog
 10162 | D:10     | Noticed an unseen horror
 10173 | D:10     | Killed an unseen horror
 10739 | D:10     | Noticed a two-headed ogre
 10766 | D:10     | Killed a two-headed ogre
 10914 | D:10     | Noticed a two-headed ogre
 10917 | D:10     | Killed a two-headed ogre
 10917 | D:10     | Reached skill level 10 in Armour
 11059 | Lair:1   | Entered Level 1 of the Lair of Beasts
 11757 | Lair:1   | Got a crude dagger
 11931 | Lair:1   | Reached skill level 14 in Axes
 11933 | Lair:1   | Noticed Fannar
 11955 | Lair:1   | Killed Fannar
 12792 | Lair:2   | Found a snail-covered altar of Cheibriados.
 12792 | Lair:2   | Noticed an oklob plant
 13037 | Lair:2   | Reached XP level 12. HP: 87/110 MP: 3/11
 13051 | Lair:2   | Reached skill level 10 in Dodging
 13492 | Lair:2   | Received a gift from Trog
 13825 | Lair:2   | Reached skill level 15 in Axes
 13923 | Lair:2   | Noticed an eight-headed hydra
 13947 | Lair:2   | Killed a 12-headed hydra
 14850 | Lair:2   | HP: 5/111 [oklob plant/splash of acid (10)]
 14850 | Lair:2   | Splashed by an oklob plant's acid

Vault maps used:
D:1:      eino_arrival_water_star
D:2:      first_ration, minivault_25, roderic_roman_lattice
D:3:      gammafunk_temple_overflow_statue, uniq_terence, uniq_jessica,
          uniq_crazy_yiuf_cottage, uniq_ijyb
D:4:      temple_doors_ab, hex_tiny
D:5:      grunt_temple_overflow_champion_of_chaos, serial_shops, shop
D:6:      nicolae_dithmenos_the_darkroom, minmay_misc_feat_encased,
          uniq_blork_the_orc
D:7:      bloody_trog, serial_shops, kennysheep_mini_moat, enter_bailey_3,
          minmay_crystal_room
D:8:      serial_shops, shop
D:9:      erik_lair_dragon
D:10:     serial_shops, shop, grunt_ogre_cave
Temple:   eino_temple_scatter_basement
Lair:1:   serial_bayou_shore_a, uniq_fannar
Lair:2:   regret_index_wax_grids, lemuel_oklob_altar, infiniplex_staircase_pool,
          grunt_megastairs_2
Bailey:   bailey_polearm_flooded_kennysheep, bailey

Skill      XL: |  1  2  3  4  5  6  7  8  9 10 11 12 |
---------------+-------------------------------------+-----
Axes           | 4 5 6 7 9 11 12 14 15 | 15.5
Fighting       | 4 5 6 7 8 9 11 | 11.7
Armour         | 3 4 5 6 8 9 10 11 | 11.5
Dodging        | 3 4 5 6 7 8 9 10 | 10.6

Action                   |  1- 3 |  4- 6 |  7- 9 | 10-12 || total
-------------------------+-------+-------+-------+-------++-------
Melee: Hand axe          |    93 |   136 |   227 |   282 ||   738
       Headbutt          |    18 |    22 |    40 |   120 ||   200
       Battleaxe         |       |       |       |   277 ||   277
Invok: Berserk           |       |     3 |     1 |     7 ||    11
       Trog's Hand       |       |     1 |     1 |     4 ||     6
  Use: Scroll            |       |     4 |     2 |    17 ||    23
       Potion            |       |       |       |     2 ||     2
 Stab: Distracted        |       |       |       |     1 ||     1
  Eat: Chunk             |     2 |    11 |    13 |    21 ||    47
       Ration            |       |       |     1 |     3 ||     4
Armor: Animal skin       |    17 |     3 |       |       ||    20
       Chain mail        |       |    50 |    72 |   224 ||   346
       Steam dragon scal |       |       |       |     1 ||     1
Dodge: Dodged            |    61 |    47 |    70 |   347 ||   525
Block: Shield            |       |       |       |     1 ||     1

Table legend:
 A = Spawn XP
 B = Non-spawn XP
 C = Spawn XP percentage of total XP
 D = Spawn monster count
 E = Non-spawn monster count
 F = Spawn count percentage of total count
 G = Total turns spent on level
                    A         B        C        D         E        F      G
               +---------+---------+-------+---------+---------+-------+---------
         Total |       0 |   30853 |   0.0 |       0 |     357 |   0.0 | 14850
               +---------+---------+-------+---------+---------+-------+---------
           D:1 |       0 |      52 |   0.0 |       0 |      25 |   0.0 |  1371
           D:2 |       0 |     194 |   0.0 |       0 |      33 |   0.0 |   990
           D:3 |       0 |     176 |   0.0 |       0 |      27 |   0.0 |   998
           D:4 |       0 |     278 |   0.0 |       0 |      14 |   0.0 |  1018
           D:5 |       0 |     683 |   0.0 |       0 |      32 |   0.0 |   628
           D:6 |       0 |     733 |   0.0 |       0 |      18 |   0.0 |  1038
           D:7 |       0 |    1026 |   0.0 |       0 |      23 |   0.0 |   553
           D:8 |       0 |    3782 |   0.0 |       0 |      23 |   0.0 |  1577
           D:9 |       0 |    4291 |   0.0 |       0 |      59 |   0.0 |  1650
          D:10 |       0 |    4253 |   0.0 |       0 |      19 |   0.0 |  1086
        Lair:1 |       0 |    4464 |   0.0 |       0 |      20 |   0.0 |  1600
        Lair:2 |       0 |   10921 |   0.0 |       0 |      64 |   0.0 |  2191
               +---------+---------+-------+---------+---------+-------+---------
